 Dungeon Crawl Stone Soup version 0.29.0-11-gd7f09526c8 (webtiles) character file.

Game seed: 4441781250650274375

157 Sabo the Gusty (level 5, -1/31 HPs)
             Began as an Octopode Air Elementalist on Sept 5, 2022.
             Was a High Priest of Ignis.
             Slain by Natasha (2 damage)
             ... on level 2 of the Dungeon.
             The game lasted 00:16:05 (3148 turns).

Sabo the Gusty (Octopode Air Elementalist)          Turns: 3148, Time: 00:16:05

Health: -1/31      AC:  1    Str:  8    XL:     5   Next: 38%
Magic:  0/9        EV: 13    Int: 19    God:    Ignis [*****.]
Gold:   148        SH:  0    Dex: 12    Spells: 9/10 levels left

rFire   + . .      SeeInvis .   i - +0 short sword
rCold   . . .      Faith    .   (no shield)
rNeg    . . .      Spirit   .   (helmet restricted)
rPois   +          Reflect  .   (no amulet)
rElec   .          Harm     .   e - ring of poison resistance
rCorr   .          Rampage  .   j - ring of willpower
Will    +....                   (no ring)
Stlth   +++.......              (no ring)
HPRegen 0.10/turn               (no ring)
MPRegen 0.11/turn               (no ring)
                                (no ring)
                                (no ring)

@: very slightly contaminated
A: almost no armour, amphibious, 8 rings, camouflage 1, gelatinous body 1,
(nimble swimmer 1), tentacles
a: Renounce Religion, Fiery Armour, Foxfire Swarm, Rising Flame


You were on level 2 of the Dungeon.
You worshipped Ignis.
Ignis was extremely pleased with you.
You visited 1 branch of the dungeon, and saw 2 of its levels.

You collected 148 gold pieces.

Inventory:

Hand Weapons
 i - a +0 short sword (weapon)
 o - a +0 sling
Jewellery
 e - a ring of poison resistance (left tentacle)
 j - a ring of willpower (right tentacle)
Scrolls
 c - a scroll of teleportation {unknown}
 d - a scroll of enchant armour {unknown}
 f - a scroll of enchant weapon {unknown}
 k - a scroll of immolation {unknown}
 l - a scroll of brand weapon {unknown}
 m - a scroll of butterflies {unknown}
Potions
 a - a potion of magic
 b - 3 potions of might {unknown}
 g - a potion of lignification {unknown}
 h - 3 potions of curing {unknown}
 n - a potion of attraction {unknown}
 q - a potion of cancellation {unknown}


   Skills:
 + Level 0.1 Fighting
 + Level 0.2 Short Blades
 + Level 2.1 Dodging
 + Level 3.2 Stealth
 + Level 3.2 Spellcasting
 + Level 2.1 Conjurations
 + Level 4.3 Air Magic


You had 9 spell levels left.
You knew the following spells:

 Your Spells              Type           Power      Damage    Failure   Level
a - Shock                 Conj/Air       60%        1d6       4%          1

Your spell library contained the following spells:

 Spells                   Type           Power      Damage    Failure   Level
 Magic Dart               Conj           44%        1d5       6%          1
 Static Discharge         Conj/Air       15%        3-5/arc   6%          2
 Swiftness                Air            19%        N/A       8%          3
 Mephitic Cloud           Conj/Pois/Air  11%        N/A       19%         3
 Call Imp                 Summ           3%         N/A       22%         2
 Airstrike                Air            9%         2d(2-18)  26%         4
 Dazzling Flash           Conj/Hex       14%        N/A       28%         3
 Silence                  Hex/Air        5%         N/A       86%         5
 Agony                    Necr           3%         N/A       99%         5


Dungeon Overview and Level Annotations

Branches:
Dungeon (2/15)

Altars:
Ignis

Annotations:
D:2 Natasha


Innate Abilities, Weirdness & Mutations

You cannot wear most types of armour.
You are amphibious.
You can wear up to eight rings at the same time.
Your skin changes colour to match your surroundings (Stealth+).
Your rubbery body absorbs attacks. (AC +1, EV +1)
((You are camouflaged when in or above water. (Stealth+)))
You have tentacles for arms and can constrict up to eight enemies at once.


Message History

Aiming: Shock (safe; 4% risk of failure)
Press: ? - help, Shift-Dir - straight line, f/p - Natasha
Aim: Natasha (heavily wounded, 64% to hit)
The zap hits Natasha.
Natasha is heavily wounded.
Natasha mewls in sadness.
Natasha claws you!
Casting: Shock (safe; 4% risk of failure)
Confirm with . or Enter, or press ? or * to list all spells.
Aiming: Shock (safe; 4% risk of failure)
Press: ? - help, Shift-Dir - straight line, f/p - Natasha
Aim: Natasha (heavily wounded, 64% to hit)
The zap hits Natasha.
Natasha is almost dead.
Natasha barely misses you.
Casting: Shock (safe; 4% risk of failure)
Confirm with . or Enter, or press ? or * to list all spells.
Aiming: Shock (safe; 4% risk of failure)
Press: ? - help, Shift-Dir - straight line, f/p - Natasha
Aim: Natasha (almost dead, 64% to hit)
You miscast Shock.
You are very lightly contaminated with residual magic.
Nothing appears to happen.
Natasha claws you!
* * * LOW HITPOINT WARNING * * *
Casting: Shock (safe; 4% risk of failure)
Confirm with . or Enter, or press ? or * to list all spells.
Aiming: Shock (safe; 4% risk of failure)
Press: ? - help, Shift-Dir - straight line, f/p - Natasha
Aim: Natasha (almost dead, 64% to hit)
The zap misses Natasha.
Natasha casts a spell at you. The magic dart hits you!
* * * LOW HITPOINT WARNING * * *
Casting: Shock (safe; 4% risk of failure)
Confirm with . or Enter, or press ? or * to list all spells.
Aiming: Shock (safe; 4% risk of failure)
Press: ? - help, Shift-Dir - straight line, f/p - Natasha
Aim: Natasha (almost dead, 64% to hit)
The zap misses Natasha.
Natasha claws you.
You die...

#.# ########## #.#
#........#########.#
#.######........##.# #.#
#..#####.##.# #.#
####..#####.##.# #.#
#...........##.##
#.###.##..#.###.#...##
#.........#.###@h....###########
#####.##..#....................#
#.##".......##.###########.#
#..#........##.# #.....
##.###########.# #..... #.# #'#
#....< #.# ... #..... #.###
..).. #..... #.#.## S.h....
#.....


You could see Natasha.

Vanquished Creatures
  An ogre (D:2)
  2 adders (D:2)
  A worm (D:2)
  A dart slug (D:2)
  4 bats
  7 endoplasms
  A giant cockroach (D:1)
  3 goblins
  7 hobgoblins (D:1)
  3 jackals (D:2)
  2 kobolds
  5 quokkas
  2 ball pythons
  2 frilled lizards
  3 rats (D:1)
44 creatures vanquished.

Notes
Turn   | Place    | Note
-------+----------+-------------------------------------------
     0 | D:1      | Sabo the Octopode Air Elementalist began the quest for the
                  | Orb.
     0 | D:1      | Reached XP level 1. HP: 11/11 MP: 3/3
   704 | D:1      | Reached XP level 2. HP: 14/17 MP: 5/5
   785 | D:1      | Found a faded altar of an unknown god.
  1072 | D:1      | Prayed at the altar of an unknown god.
  1072 | D:1      | Became a worshipper of Ignis, the Dying Flame
  1523 | D:1      | Reached XP level 3. HP: 21/21 MP: 3/6
  1780 | D:2      | Noticed an ogre
  1963 | D:2      | Killed an ogre
  1964 | D:2      | Reached skill level 4 in Air Magic
  1964 | D:2      | Reached XP level 4. HP: 22/27 MP: 1/8
  1964 | D:2      | Reached XP level 5. HP: 26/31 MP: 1/9
  2430 | D:2      | Noticed Natasha
  3147 | D:2      | HP: 1/31 [Natasha/magic dart (7)]
  3148 | D:2      | Slain by Natasha

Illustrated notes

Levels and vault maps discovered:
D:1:      co_arrival_square_in_a_square_in_a_square, layout_loops_ring,
          hellmonk_ecumenical_altar_arch_garden
D:2:      layout_loops_corners, minmay_pentomino_o2, uniq_natasha

Skill      XL: |  1  2  3 |
---------------+----------+-----
Stealth        | 3 |  3.2
Spellcasting   | 3 |  3.2
Conjurations   | 2 |  2.1
Air Magic      | 4 |  4.3
Fighting       | |  0.1
Short Blades   | |  0.2
Dodging        | |  2.1

Action                   |  1- 3 |  4- 6 || total
-------------------------+-------+-------++-------
Melee: Unarmed           |     2 |       ||     2
       Constrict         |     6 |     3 ||     9
       Tentacles         |     6 |     2 ||     8
       Dagger            |    19 |       ||    19
       Short sword       |     2 |    13 ||    15
 Cast: Shock             |    52 |    34 ||    86
Armor: Skin              |     3 |     3 ||     6
Dodge: Dodged            |    13 |    15 ||    28
